 Dungeon Sprint DCSS version 0.18.1-6-gd335043 (webtiles) character file.

39 Groucho the Chopper (level 3, -3/54 HPs)
             Began as a Deep Dwarf Berserker on May 20, 2016.
             Was a Priest of Trog.
             Slain by a water elemental (6 damage)
             ... in the Dungeon (Sprint III: "The Ten Rune Challenge").
             The game lasted 00:01:17 (236 turns).

Groucho the Chopper (Deep Dwarf Berserker)           Turns: 236, Time: 00:01:17

Health: -3/54      AC:  2    Str: 26    XL:     3   Next: 26%
Magic:  5/5        EV: 13    Int:  7    God:    Trog [***...]
Gold:   23         SH:  0    Dex: 12    Spells: 0 memorised, 2 levels left

rFire  . . .     SeeInvis .     a - +0 hand axe
rCold  . . .     Gourm    .     b - +0 animal skin
rNeg   . . .     Faith    .     (no shield)
rPois  .         Spirit   .     (no helmet)
rElec  .         Dismiss  .     (no cloak)
rCorr  .         Reflect  .     (no gloves)
SustAt .         Harm     .     (no boots)
MR     .....     NoTele   +     (no amulet)
Stlth  ..........               (no ring)
                                (no ring)

@: berserking, non-regenerating, very quick, not resistant to hostile
enchantments, extremely unstealthy
A: damage resistance, recharge devices, sense surroundings 1, slow regeneration
3
a: Device Recharging, Berserk, Trog's Hand, Burn Spellbooks, Renounce Religion


You were in the Dungeon.
You worshipped Trog.
Trog was most pleased with you.
You were not hungry.

You visited 1 branch You collected 23 gold pieces.

Inventory:

Hand Weapons
 a - a +0 hand axe (weapon)
Armour
 b - a +0 animal skin (worn)
Wands
 c - a wand of heal wounds (5/9)
Scrolls
 i - 2 scrolls of torment {unknown}
 j - a scroll of blinking
 l - 2 scrolls of identify
 m - 4 scrolls of remove curse
Potions
 e - a potion of curing
 f - 3 potions of mutation {unknown}
 g - a potion of haste
 h - 2 potions of magic
 k - a potion of degeneration {unknown}
 o - 3 potions of cure mutation
 q - a potion of heal wounds
Comestibles
 d - a bread ration
 n - a royal jelly
 p - a meat ration


   Skills:
 * Level 3.8 Fighting
 * Level 4.5 Axes
 * Level 3.8 Armour
 * Level 3.8 Dodging
 * Level 3.5 Evocations


You had 2 spell levels left.
You didn't know any spells.

Dungeon Overview and Level Annotations

Branches:
Dungeon (1/1)

Altars:


Innate Abilities, Weirdness & Mutations

You are resistant to damage.
You can recharge devices by infusing magical energy.
You passively map a small area around you.
You do not regenerate naturally.


Message History

You feel less exhausted.
You see here a wolf corpse.
You see here a human corpse.
You open the door.
A water elemental comes into view.
The water elemental moves out of view.
The water elemental barely misses you.
There is an open door to the Ecumenical Temple here.
You hit the water elemental.
The water elemental is moderately damaged.
The water elemental hits you!!
Ouch! That really hurt!
* * * LOW HITPOINT WARNING * * *
A red film seems to cover your vision as you go berserk!
You feel yourself moving faster!
You feel mighty!
You feel somewhat more hungry. The water elemental barely misses you.
You barely miss the water elemental.
The water elemental is lightly damaged.
The water elemental hits you!
You die...

▓▓▓▓▓▓▓▓▓▓ ▓▓▓
.#..'....♣♣♣ ♣.# *
.#..#....♣.♣ ♣.# , *
†####......♣ ♣.# *
....#....≈♣♣♣♣♣.###+#+##
....#...≈≈...♣♣.#E......
,
...)#..≈≈≈≈♣.♣♣.@.⌠.....
,
###'#..≈≈≈≈≈≈♣♣.#...####
*
....#.≈≈≈≈≈≈....#.⌠.#__*,
..†.#.≈≈≈≈≈.....#...#__
*, ....#.≈†≈.......#+###
*, * #####..†........#,,
_ ................# _ +
▓▓▓▓▓▓▓▓▓▓▓▓▓▓▓▓▓* * * *
, ≈ ≈ *


You could see a water elemental.

Vanquished Creatures
  A human (D)
  A wolf (D)
  An ooze (D)
  3 rats (D)
6 creatures vanquished.

Vanquished Creatures (others)
  2 draconian scorchers (D)
  A yaktaur (D)
3 creatures vanquished.

Grand Total: 9 creatures vanquished

Notes
Turn   | Place    | Note
--------------------------------------------------------------
     0 | D        | Groucho the Deep Dwarf Berserker began the quest for the Orb.
     0 | D        | Reached XP level 1. HP: 20/20 MP: 1/1
    11 | D        | Reached ** piety under Trog
    11 | D        | Reached skill level 1 in Evocations
   137 | D        | Killed a white draconian scorcher
   152 | D        | Noticed a wolf
   166 | D        | Killed a wolf
   166 | D        | Reached skill level 4 in Axes
   166 | D        | Reached XP level 2. HP: 22/28 MP: 4/4
   171 | D        | Reached *** piety under Trog
   171 | D        | Reached XP level 3. HP: 29/36 MP: 5/5
   188 | D        | Killed a white draconian scorcher
   191 | D        | Killed a yaktaur
   232 | D        | Noticed a water elemental
   236 | D        | Slain by a water elemental

Skill      XL: |  1  2 |
---------------+-------+-----
Fighting       | 3 |  3.8
Evocations     | 2 3 |  3.5
Axes           | 4 |  4.5
Armour         | 3 |  3.8
Dodging        | 3 |  3.8

Action                   || total
-------------------------++-------
Melee: Hand axe          ||    29
Invok: Berserk           ||     1
  Use: Potion            ||     2
Armor: Animal skin       ||     2
Dodge: Dodged            ||    26
